 Dungeon Crawl Stone Soup version 0.29.1-13-g9f3cf754e1 (webtiles) character file.

Game seed: 1872312155151214545

131723 RapScallion the Impaler (level 17, -1/163 HPs)
             Began as a Hill Orc Fighter on Jan 20, 2023.
             Was a High Priest of Okawaru.
             Slain by Donald
             ... wielding a +4 scimitar of freezing
              (10 damage)
             ... on level 1 of the Spider Nest on Jan 21, 2023.
             The game lasted 03:11:12 (31001 turns).

RapScallion the Impaler (Hill Orc Fighter)         Turns: 31001, Time: 03:11:13

Health: -1/163     AC: 25    Str: 27    XL:     17   Next: 10%
Magic:  30/32      EV:  9    Int:  4    God:    Okawaru [*****.]
Gold:   285        SH: 21    Dex: 10    Spells: 16/16 levels left

rFire   + . .      SeeInvis +   H - +5 hand axe (vamp)
rCold   + + +      Faith    .   b - +4 kite shield
rNeg    . . .      Spirit   .   P - +0 plate armour
rPois   +          Reflect  +   D - +2 helmet
rElec   .          Harm     .   T - scarf {rC+ rF+}
rCorr   .          Rampage  .   (no gloves)
Will    +++..                   E - +0 pair of boots of the Earth {Regen+}
Stlth   ..........              A - amulet of Accord {Reflect rC+ MP+9 SH+5}
HPRegen 1.17/turn               L - ring of willpower
MPRegen 0.23/turn               J - ring "Minlesol" {rPois rC+ Will+ Int-4 SInv}

@: heroic, finesse-ful, studying Translocations
A: no striking features
a: Renounce Religion, Heroism, Finesse, Duel


You were on level 1 of the Spider Nest.
You worshipped Okawaru.
Okawaru was extremely pleased with you.
You visited 4 branches of the dungeon, and saw 23 of its levels.
You also visited: Sewer, Ossuary and Bailey.

You collected 4280 gold pieces.
You spent 3995 gold pieces at shops.

Inventory:

Hand Weapons
 j - a +1 demon trident of venom
 u - the +5 glaive of the Guard {elec, spectral, AC+5}
   (You found it on level 14 of the Dungeon)

   It occasionally discharges a powerful burst of electricity upon striking a
   foe.
   When it strikes, its spirit leaps out and fights alongside the wielder.
   AC:        It affects your AC (+5).
 H - a +5 vampiric hand axe (weapon)
 M - the +11 lance "Wyrmbane" {slay drac, rPois rF+ rC+ AC+3}
   (You took it off Maggie on level 6 of the Dungeon)

   It inflicts extra damage against dragons and draconians.
   AC:        It affects your AC (+3).
   rF:        It protects you from fire.
   rC:        It protects you from cold.
   rPois:     It protects you from poison.
 U - a +3 spectral broad axe
 X - the +7 spear of Okawaru's Supremacy {venom, Int+4}
   (Okawaru gifted it to you on level 2 of the Lair of Beasts)

   It poisons the flesh of those it strikes.
   Int:       It affects your intelligence (+4).
Missiles
 N - 3 silver javelins
Armour
 b - a +4 kite shield (worn)
 D - a +2 helmet (worn)
 E - the +0 pair of boots of the Earth (worn) {Regen+}
   (Okawaru gifted it to you on level 14 of the Dungeon)

   Regen:     It increases your rate of health regeneration.
 P - a +0 plate armour (worn)
 T - a scarf of resistance (worn)
Jewellery
 o - a ring of willpower
 p - an amulet of regeneration
 q - a ring of protection from fire
 A - the amulet of Accord (around neck) {Reflect rC+ MP+9 SH+5}
   (You found it on level 12 of the Dungeon)

   [amulet of reflection]

   It reflects blocked missile attacks.
   rC:        It protects you from cold.
   MP:        It affects your magic capacity (+9).
   SH:        It affects your SH (+5).
 J - the ring "Minlesol" (right hand) {rPois rC+ Will+ Int-4 SInv}
   (You bought it in a shop on level 15 of the Dungeon)

   [ring of see invisible]

   Int:       It affects your intelligence (-4).
   rC:        It protects you from cold.
   rPois:     It protects you from poison.
   SInv:      It lets you see invisible.
   Will:      It increases your willpower.
 L - a ring of willpower (left hand)
 V - a ring of resist corrosion
Wands
 w - a wand of mindburst (15) (quivered)
Scrolls
 d - 7 scrolls of fear
 g - 10 scrolls of teleportation
 i - 5 scrolls of fog
 s - a scroll of poison
 v - 2 scrolls of blinking
 x - a scroll of amnesia
 F - 4 scrolls of magic mapping
Potions
 a - 2 potions of cancellation
 e - 4 potions of heal wounds
 h - 4 potions of mutation
 k - 5 potions of haste
 l - 11 potions of flight
 n - 12 potions of curing
 r - 6 potions of resistance
 z - a potion of berserk rage
 B - 7 potions of might
 C - a potion of ambrosia
 I - a potion of brilliance
 K - 3 potions of invisibility
 O - 3 potions of lignification


   Skills:
 + Level 18.1(23.1) Fighting
 + Level 13.2(24.0) Axes
 + Level 18.7(24.8) Polearms
 + Level 15.6(20.6) Armour
 + Level 10.1(15.1) Shields
 - Level 8.0 Invocations
 + Level 1.3 Evocations


You had 16 spell levels left.
You didn't know any spells.
Your spell library contained the following spells:

 Spells                   Type           Power      Damage    Failure   Level
 Beastly Appendage        Tmut           0%         N/A       99%         1
 Magic Dart               Conj           0%         1d3       99%         1
 Sandblast                Erth           0%         2d4       99%         1
 Ensorcelled Hibernation  Hex/Ice        0%         N/A       100%        2
 Passwall                 Tmut/Erth      0%         N/A       100%        2
 Sublimation of Blood     Necr           0%         N/A       100%        2
 Wereblood                Tmut           0%         N/A       100%        2
 Ignite Poison            Fire/Tmut/Pois 0%         N/A       100%        3
 Mephitic Cloud           Conj/Pois/Air  0%         N/A       100%        3
 Portal Projectile        Hex/Tloc       0%         N/A       100%        3
 Spider Form              Tmut/Pois      0%         N/A       100%        3
 Stone Arrow              Conj/Erth      0%         3d7       100%        3
 Swiftness                Air            0%         N/A       100%        3
 Anguish                  Hex/Necr       0%         N/A       100%        4
 Hailstorm                Conj/Ice       0%         3d3       100%        4
 Ice Form                 Ice/Tmut       0%         N/A       100%        4
 Leda's Liquefaction      Hex/Erth       0%         N/A       100%        4
 Petrify                  Tmut/Erth      0%         N/A       100%        4
 Borgnjor's Vile Clutch   Necr/Erth      0%         N/A       100%        5
 Freezing Cloud           Conj/Ice/Air   0%         6-21      100%        5
 Irradiate                Conj/Tmut      0%         3d11      100%        5
 Iskenderun's Battlesphe  Conj           0%         2d6       100%        5
 Iron Shot                Conj/Erth      0%         9d1       100%        6
 Polar Vortex             Ice            0%         N/A       100%        9
 Call Imp                 Summ           Unusable   N/A       N/A         2
 Call Canine Familiar     Summ           Unusable   N/A       N/A         3
 Animate Dead             Necr           Unusable   N/A       N/A         4
 Death Channel            Necr           Unusable   N/A       N/A         6
 Simulacrum               Ice/Necr       Unusable   N/A       N/A         6
 Spellforged Servitor     Conj/Summ      Unusable   N/A       N/A         7

Dungeon Overview and Level Annotations

Branches:
Dungeon (15/15)            Temple (0/1) D:7            Lair (5/5) D:8
 Shoals (0/4) Lair:2       Spider (1/4) Lair:2        Slime (0/5) Lair:4
    Orc (2/2) D:11            Elf (0/3) Orc:2        Vaults (0/5) D:14
 Depths (0/4) D:15          Sewer (visited)         Ossuary (visited)
 Bailey (visited)

Altars:
Cheibriados
Dithmenos
Gozag
Kikubaaqudgha
Nemelex Xobeh
Okawaru
Qazlal
Ru
Sif Muna
Uskayaw
Vehumet
Wu Jian
Xom
Beogh
Jiyva
Lugonu

Shops:
D:1 :   D:9 !   D:15 ?*   Orc:2 (*!:

Portals:
Abyss: Lair:5

Annotations:
Spider:1 Donald
Orc:2 3 runed translucent doors, LustLizard's ghost, adept MfGl


Message History

A tarantella comes into view.
The demonic crawler hits you but does no damage.
You block the demonic crawler's attack. x2; You block the wolf spider's attack. x2
You barely miss the demonic crawler.
The demonic crawler is moderately wounded.
You hit the wolf spider but do no damage.
Unknown command.
Blink to where?
Press: ? - help, Dir - move target
As you read the scroll of blinking, it crumbles to dust.
The demonic crawler shrieks in warning!
You hear a shout!
You see here a +0 spear.
The wolf spider attacks as you move away!
The wolf spider hits you but does no damage.
You block the wolf spider's attack.
The demonic crawler shrieks in warning!
The wolf spider hits you!
* * * LOW HITPOINT WARNING * * *
You block the wolf spider's attack.
You hear a faint skittering sound. x4
Donald attacks as you move away! You block Donald's attack.
Donald is caught in a web!
The wolf spider attacks as you move away!
You block the wolf spider's attack. x2
You are no longer corroded.
Donald pulls away from the web.
You block the wolf spider's attack. x2
Donald attacks as you move away! Donald hits you but does no damage.
The wolf spider attacks as you move away!
You block the wolf spider's attack. The wolf spider barely misses you.
You block the wolf spider's attack. The wolf spider bites you.
Donald hits you with a +4 scimitar of freezing.
* * * LOW HITPOINT WARNING * * *
Donald attacks as you move away!
Donald hits you with a +4 scimitar of freezing!!
* * * LOW HITPOINT WARNING * * *
You block the wolf spider's attack. The wolf spider bites you.
* * * LOW HITPOINT WARNING * * *
Donald hits you with a +4 scimitar of freezing!
You die...

##..##
###...#.@..@
##...#
#..#...###
#..^##
#....### #
#..s## ######
##.s.# #.ss.#
#....##
#.@s..###
#..@....## #
#....^#..###
#.
#..........#
#..
#.#.#......##
##.
#.....#.....#
#........#.^#
#..........##
#..##.......#.
#........[....


You could see Donald (fast, strong, reflecting), a demonic crawler, a wolf
spider, 2 tarantellas and a redback.

Vanquished Creatures
  A tengu reaver (D:13)
  A frost giant (D:14)
  The ghost of Ness the Skirmisher, a journeyman GnWn of Zin (D:14)
  2 orc warlords
  A very ugly thing (D:13)
  A stone giant (D:15)
  A yaktaur captain (D:14)
  A fire dragon (D:12)
  An ettin (D:12)
  8 vault guards (D:14)
  2 boulder beetles
  A spriggan zombie (D:14)
  7 hydras
  An ice dragon (D:12)
  A rakshasa (D:15)
  4 centaur warriors
  13 two-headed ogres
  2 catoblepae
  3 ogre magi
  Erica (D:8)
  A spectral fire giant (D:14)
  2 tengu warriors (D:15)
  3 orc high priests
  A deep elf knight (D:12)
  3 thrashing horrors (Lair:5)
  A spark wasp zombie (D:14)
  Lodul (D:12)
  A flayed ghost (D:14)
  A shadow wraith (D:14)
  A spectral spark wasp (D:14)
  A steelbarb worm (Spider:1)
  2 deep trolls (Orc:1)
  A wizard (D:12)
  A deep elf archer (D:12)
  A lindwurm (shapeshifter) (Lair:5)
  6 orc knights
  7 deep elf pyromancers
  10 cyclopes
  4 wolf spiders (Spider:1)
  6 ugly things
  7 manticores
  2 orc sorcerers
  3 oklob plants (Lair:4)
  6 elephants
  Maurice (D:8)
  3 black mambas
  A titan simulacrum (D:14)
  3 gargoyles (D:12)
  A torpor snail (Lair:3)
  9 cane toads
  Maggie (D:6)
  2 demonic crawlers (Spider:1)
  A smoke demon (Lair:5)
  An unseen horror (D:12)
  8 rime drakes
  3 komodo dragons
  2 freezing wraiths
  A yaktaur (D:14)
  A kobold demonologist (D:12)
  2 tengu conjurers (D:15)
  A polar bear (shapeshifter) (D:13)
  2 ancient zymes (Lair:5)
  4 meliai
  11 trolls
  2 tarantellas (Spider:1)
  2 large abominations (Lair:5)
  A wolf spider simulacrum (D:15)
  A merfolk (shapeshifter) (D:14)
  A hornet (D:10)
  17 blink frogs
  7 polar bears
  20 slime creatures
  4 jumping spiders (Spider:1)
  A centaur simulacrum (D:12)
  10 small abominations (Lair:5)
  A spriggan (Lair:5)
  2 vampires
  14 wyverns
  A spriggan (shapeshifter) (D:14)
  A ynoxinul (Lair:5)
  A wraith (D:9)
  29 yaks
  16 basilisks
  2 steam dragons
  8 redbacks
  2 chaos spawn (Lair:5)
  10 vampire mosquitoes
  7 wargs
  4 acid dragons
  A water moccasin (shapeshifter) (Lair:5)
  A tengu zombie (D:14)
  A hell hound (Lair:4)
  A floating eye (shapeshifter) (Lair:5)
  35 orc warriors
  20 water moccasins
  An ice beast (D:6)
  An ettin simulacrum (D:14)
  12 wolves
  36 ogres
  5 centaurs
  3 kobold brigands
  A phantom (D:4)
  5 bullfrogs
  2 gnoll sergeants (D:7)
  An elf zombie (Ossuary)
  A human simulacrum (D:14)
  2 necrophages (D:8)
  4 wights (D:8)
  9 killer bees
  A floating eye simulacrum (D:14)
  A vampire bat (D:5)
  A howler monkey (D:8)
  An electric eel (Lair:3)
  2 centaur zombies (Ossuary)
  6 hounds
  13 orc priests
  A jelly (D:8)
  7 hell rats (Lair:4)
  4 iguanas
  Natasha (D:4)
  2 merfolk sirens
  23 orc wizards
  A merfolk avatar (Sewer)
  3 ogre zombies (Ossuary)
  7 mummies (Ossuary)
  14 gnolls
  4 river rats (Sewer)
  9 adders
  An ufetubus (D:6)
  4 adder zombies (Ossuary)
  4 worms
  2 dart slugs
  3 fire bats (D:5)
  88 orcs
  2 spectral bats (D:5)
  7 ball pythons
  A bat simulacrum (D:5)
  3 bat skeletons (D:5)
  A bat zombie (D:5)
  6 endoplasms
  3 giant cockroaches
  A gnoll zombie (Ossuary)
  14 goblins
  19 hobgoblins
  7 jackals
  22 kobolds
  9 quokkas
  16 bats
  12 frilled lizards
  6 goblin zombies (Ossuary)
  2 hobgoblin zombies (Ossuary)
  3 kobold zombies (Ossuary)
  4 quokka zombies (Ossuary)
  27 rats
  4 rat zombies (Ossuary)
861 creatures vanquished.

Vanquished Creatures (others)
  4 orcs (D:6)
  20 fungi
  45 plants
69 creatures vanquished.

Grand Total: 930 creatures vanquished

Notes
Turn   | Place    | Note
-------+----------+-------------------------------------------
     0 | D:1      | RapScallion the Hill Orc Fighter began the quest for the
                  | Orb.
     0 | D:1      | Reached XP level 1. HP: 19/19 MP: 1/1
   157 | D:1      | Found a faded altar of an unknown god.
   158 | D:1      | Noticed a floating eye
   159 | D:1      | Noticed an eye of devastation
   161 | D:1      | Noticed a great orb of eyes
   161 | D:1      | Noticed a floating eye
   163 | D:1      | Reached XP level 2. HP: 25/27 MP: 2/2
   439 | D:1      | Reached XP level 3. HP: 33/33 MP: 3/3
   521 | D:1      | Found Ebroah's Book Shop.
  1207 | D:2      | Reached XP level 4. HP: 40/40 MP: 4/4
  1928 | D:3      | Reached XP level 5. HP: 44/47 MP: 5/5
  2058 | D:3      | Found a shadowy altar of Dithmenos.
  2362 | D:4      | Found a sand-covered staircase.
  2374 | Ossuary  | Entered an ossuary
  2382 | Ossuary  | Reached skill level 5 in Axes
  2737 | Ossuary  | Reached XP level 6. HP: 45/53 MP: 6/6
  3099 | Ossuary  | Reached skill level 5 in Fighting
  3099 | Ossuary  | Reached XP level 7. HP: 57/61 MP: 7/7
  3309 | D:4      | Found a shimmering altar of Xom.
  3735 | D:4      | Found a stormy altar of Qazlal.
  3738 | D:4      | Found a shimmering blue altar of Sif Muna.
  3746 | D:4      | Found an ancient bone altar of Kikubaaqudgha.
  3747 | D:4      | Noticed Natasha
  3749 | D:4      | Found a sparkling altar of Nemelex Xobeh.
  3757 | D:4      | Reached skill level 5 in Armour
  3971 | D:4      | Found an iron altar of Okawaru.
  3971 | D:4      | Found a hide-covered altar of Uskayaw.
  3975 | D:4      | Became a worshipper of Warmaster Okawaru
  3994 | D:4      | Killed Natasha
  4047 | D:5      | Entered Level 5 of the Dungeon
  4404 | D:5      | Reached XP level 8. HP: 45/70 MP: 8/8
  5009 | D:6      | Reached * piety under Okawaru
  5086 | D:6      | Reached skill level 10 in Axes
  5178 | D:6      | Found a glowing drain.
  5224 | Sewer    | Entered a sewer
  6019 | D:6      | Reached ** piety under Okawaru
  6235 | D:6      | Reached XP level 9. HP: 79/79 MP: 9/9
  6261 | D:6      | Noticed Maggie
  6298 | D:6      | Killed Maggie
  6458 | D:6      | Found a snail-covered altar of Cheibriados.
  6585 | D:7      | Reached skill level 1 in Evocations
  6602 | D:7      | Identified the +8 rapier "Juthyqi" {venom, rPois rF+ Dex+4}
  6680 | D:7      | Reached skill level 1 in Polearms
  6680 | D:7      | Noticed a cyclops
  6696 | D:7      | Found a staircase to the Ecumenical Temple.
  6739 | D:7      | Reached skill level 5 in Shields
  6801 | D:7      | Found a radiant altar of Vehumet.
  6974 | D:7      | Found a sacrificial altar of Ru.
  7015 | D:7      | Found a flagged portal.
  7030 | Bailey   | Entered a bailey
  7177 | Bailey   | Reached *** piety under Okawaru
  7194 | Bailey   | Reached skill level 5 in Polearms
  7258 | Bailey   | Reached XP level 10. HP: 85/88 MP: 7/10
  7306 | Bailey   | Reached skill level 1 in Invocations
  7367 | Bailey   | Noticed an orc warlord
  7443 | Bailey   | Killed an orc warlord
  7546 | Bailey   | Identified the +1 robe of Modesty {+Blink Dex+7}
  7911 | D:7      | Reached skill level 10 in Polearms
  7911 | D:7      | Reached skill level 5 in Invocations
  7911 | D:7      | Reached XP level 11. HP: 97/97 MP: 11/15
  7912 | D:7      | Reached XP level 12. HP: 105/105 MP: 11/16
  7957 | D:7      | Reached **** piety under Okawaru
  8540 | D:8      | Found a staircase to the Lair.
  9033 | D:8      | Reached skill level 10 in Fighting
  9110 | D:8      | Noticed Erica
  9123 | D:8      | Killed Erica
  9127 | D:8      | Noticed Maurice
  9169 | D:8      | Killed Maurice
 10124 | D:9      | Noticed a two-headed ogre
 10141 | D:9      | Killed a two-headed ogre
 10142 | D:9      | Reached XP level 13. HP: 98/114 MP: 15/18
 10286 | D:9      | Found Muriut's Distillery.
 10315 | D:9      | Bought a potion of heal wounds for 85 gold pieces
 10315 | D:9      | Bought a potion of heal wounds for 85 gold pieces
 10541 | D:9      | Identified the +9 dagger of the End {vamp, rF+ rCorr
                  | Stlth+}
 10660 | D:10     | Entered Level 10 of the Dungeon
 11186 | D:10     | Identified a scroll of acquirement
 11187 | D:10     | Acquired 885 gold pieces
 11314 | D:10     | Found an ornate altar of the Wu Jian Council.
 12355 | D:11     | Found a staircase to the Orcish Mines.
 12370 | D:11     | Found a roughly hewn altar of Beogh.
 12523 | D:11     | Noticed Lodul
 12607 | D:12     | Killed Lodul
 12824 | D:11     | Reached skill level 15 in Polearms
 13042 | D:12     | Found a runed translucent door.
 13042 | D:12     | Noticed a fire dragon
 13277 | D:12     | Reached ***** piety under Okawaru
 14083 | D:12     | Noticed an ettin
 14195 | D:12     | Received a gift from Okawaru
 14353 | Orc:1    | Entered Level 1 of the Orcish Mines
 14386 | Orc:1    | Noticed an orc warlord
 14512 | D:11     | Killed an orc warlord
 15068 | Orc:2    | Entered Level 2 of the Orcish Mines
 15068 | Orc:2    | Found a staircase to the Elven Halls.
 15068 | Orc:2    | Found Niap's Weapon Emporium.
 15300 | Orc:1    | Reached skill level 10 in Armour
 15300 | Orc:1    | Reached XP level 14. HP: 43/127 MP: 19/19
 16192 | Orc:2    | Found Teuh's Assorted Antiques.
 16197 | Orc:2    | Found Micaty's Distillery.
 16198 | Orc:2    | Found Mubeutol's Book Emporium.
 16659 | Orc:2    | Noticed LustLizard's ghost (adept MfGl)
 16665 | Orc:2    | Found a runed translucent gate.
 16665 | Orc:2    | Found a runed translucent gate.
 16666 | Orc:2    | Found a runed translucent gate.
 16731 | Orc:2    | Bought a glowing battleaxe for 228 gold pieces
 17251 | Orc:2    | Found a roughly hewn altar of Beogh.
 17431 | Orc:2    | Bought a potion of curing for 42 gold pieces
 17431 | Orc:2    | Bought a potion of heal wounds for 70 gold pieces
 17431 | Orc:2    | Bought a potion of curing for 42 gold pieces
 17431 | Orc:2    | Bought a potion of curing for 42 gold pieces
 17431 | Orc:2    | Bought a potion of might for 56 gold pieces
 17765 | Lair:1   | Entered Level 1 of the Lair of Beasts
 19016 | Lair:2   | Found a hole to the Spider Nest.
 19065 | Lair:2   | Identified the +7 spear of Okawaru's Supremacy {venom,
                  | Int+4} (Okawaru gifted it to you on level 2 of the Lair of
                  | Beasts)
 19065 | Lair:2   | Received a gift from Okawaru
 19232 | Lair:2   | Found a staircase to the Shoals.
 20329 | Lair:3   | Reached XP level 15. HP: 131/139 MP: 20/20
 20594 | Lair:3   | Reached skill level 15 in Fighting
 21205 | Lair:4   | Found a viscous altar of Jiyva.
 21205 | Lair:4   | Found a staircase to the Slime Pits.
 21241 | Lair:4   | Identified the +0 ring mail of Dramatic Exits {rElec Dex+4
                  | Slay-5} (Okawaru gifted it to you on level 4 of the Lair of
                  | Beasts)
 21241 | Lair:4   | Received a gift from Okawaru
 22330 | Lair:5   | Entered Level 5 of the Lair of Beasts
 23003 | Lair:5   | Reached ****** piety under Okawaru
 23032 | Lair:5   | Identified the +1 robe of Absence {rF- Will- Int+7 SInv}
 23159 | Lair:5   | Found a corrupted altar of Lugonu.
 23159 | Lair:5   | Found a one-way gate to the infinite horrors of the Abyss.
 23279 | Lair:5   | Received a gift from Okawaru
 24190 | D:12     | Found a runed translucent door.
 24191 | D:12     | Found a runed translucent door.
 24345 | D:12     | Found a runed translucent door.
 24667 | D:12     | Reached XP level 16. HP: 135/152 MP: 15/22
 24710 | D:12     | Found the ring of the Mage {Wiz Archmagi}
 24757 | D:12     | Identified the amulet of Accord {Reflect rC+ MP+9 SH+5}
 25670 | D:13     | Found a runed translucent door.
 26975 | D:13     | Found a roughly hewn altar of Beogh.
 27058 | D:14     | Found a gate to the Vaults.
 27080 | D:14     | Identified the +0 pair of boots of the Earth {Regen+}
                  | (Okawaru gifted it to you on level 14 of the Dungeon)
 27080 | D:14     | Received a gift from Okawaru
 27133 | D:14     | Reached skill level 15 in Armour
 27394 | D:14     | Noticed a tengu reaver
 27484 | D:13     | Killed a tengu reaver
 27679 | D:14     | Found the +5 glaive of the Guard {elec, spectral, AC+5}
 28052 | D:14     | Noticed Ness's ghost (journeyman GnWn)
 28053 | D:14     | Found a runed translucent gate.
 28053 | D:14     | Found a runed translucent gate.
 28053 | D:14     | Found a runed translucent gate.
 28240 | D:14     | Killed Ness's ghost
 28391 | D:14     | Identified the +0 pair of gloves of a bazaar {rPois rC-
                  | Slay+3}
 28499 | D:15     | Entered Level 15 of the Dungeon
 28499 | D:15     | Found Zercho's Magic Scroll Boutique.
 28576 | D:15     | Bought a scroll of enchant weapon for 127 gold pieces
 28576 | D:15     | Bought a scroll of teleportation for 51 gold pieces
 28576 | D:15     | Bought a scroll of enchant armour for 127 gold pieces
 28920 | D:15     | Received a gift from Okawaru
 29408 | D:15     | Found Gozag's Platinum Reserve.
 29410 | D:15     | Found an opulent altar of Gozag.
 29507 | D:15     | Found a staircase to the Depths.
 30104 | Spider:1 | Entered Level 1 of the Spider Nest
 30124 | Spider:1 | Reached XP level 17. HP: 163/163 MP: 23/23
 30405 | D:15     | Bought the ring "Minlesol" {rPois rC+ Will+ Int-4 SInv} for
                  | 3040 gold pieces
 30914 | Spider:1 | Reached skill level 10 in Shields
 30944 | Spider:1 | Noticed Donald
 31001 | Spider:1 | Slain by Donald

Illustrated notes

Levels and vault maps discovered:
D:1:      lightli_arrival_flooded_house, layout_rooms,
          hellmonk_ecumenical_altar_watching_god, serial_shops,
          nicolae_shop_behind_doors
D:2:      layout_basic, minmay_randomly_rotated_circles
D:3:      layout_basic, nicolae_dithmenos_through_a_glass_darkly
D:4:      layout_basic, nicolae_overflow_hallway_of_the_gods, xom_butterflies,
          lightli_ossuary_entry_decrepit_ruins, uniq_natasha
D:5:      layout_rooms, goddamned_bats
D:6:      layout_loops_ring, mainiacjoe_overflow_catwalk,
          cheibrodos_sewer_entry_bend, chequers_serial_rivers_room_b,
          st_stairs_10, nicolae_titane, uniq_maggie
D:7:      minmay_chambers_of_sixes, layout_basic, mainiacjoe_overflow_alcove_4,
          nicolae_ru_awakened_eye, minmay_temple_entry_gardened_gates,
          enter_bailey_5, kennysheep_generic_room_5
D:8:      layout_cave_pods, minmay_lair_entry_grove, st_stairs_10,
          nicolae_concentric_dashed_squares_wild, uniq_maurice, uniq_erica
D:9:      layout_irregular_city, dk_noncrumbling_4, minmay_shop_grid_forest
D:10:     layout_long_grid, pdpol_wu_jian_five_deadly_venoms
D:11:     layout_loops_ring, minmay_orc_entry_temple_small,
          kennysheep_decorative_pillar, minmay_misc_feat_nine_boxes, uniq_lodul
D:12:     minmay_the_grid_triangle_9x9_recursive_3
          [minmay_the_grid_triangle_9x9_empty,
          minmay_the_grid_triangle_9x9_subtriangle,
          minmay_the_grid_triangle_9x9_corruption,
          minmay_the_grid_triangle_9x9_prize_top_heavy,
          minmay_the_grid_triangle_9x9_skeleton,
          minmay_the_grid_triangle_9x9_longest,
          minmay_the_grid_triangle_9x9_empty,
          minmay_the_grid_triangle_9x9_fully_insulated_deathbox,
          minmay_the_grid_triangle_9x9_minimal], layout_basic
D:13:     layout_stronghold, lightli_church_of_beogh
D:14:     minmay_guarded_unrand_guard, layout_loops_ring, erik_vaults_2,
          chequers_avenue, gammafunk_ghost_necromancy
D:15:     grunt_enter_depths_snipers, layout_loops_ring, wad_floor_pattern_1,
          serial_shops, nicolae_shop_hallway_stairs, minmay_misc_feat_x,
          nicolae_gozag_zags_fifth_avenue
Lair:1:   wander_river, layout_regular_city, grunt_megastairs_2
Lair:2:   layout_regular_city, minmay_shoals_entry_lonely_mermaid,
          spider_nest_entry_webs, serial_bayou_shore_a,
          infiniplex_staircase_pool
Lair:3:   layout_long_grid, serial_bayou_pond_d, serial_bayou_ford_a,
          cheibrodos_lair_lostbears
Lair:4:   layout_roguey [special_room_mythical_zoo], slime_entry_1, dpeg_oklob_1
Lair:5:   hellmonk_lair_end_abyssal_woods, layout_concentric_octagons,
          infiniplex_staircase_pool_2, lemuel_fruit_tree
Spider:1: layout_spider_delve, nicolae_spider_claw_tunnel, uniq_donald,
          uniq_azrael, uniq_jorgrun
Orc:1:    layout_diamond_mine
Orc:2:    st_orc_open, layout_caves, gammafunk_ghost_split, bh_open_orc_temple

Skill      XL: |  1  2  3  4  5  6  7  8  9 10 11 12 13 14 15 16 17 |
---------------+----------------------------------------------------+-----
Axes           | 3 4 5 7 9 11 13 | 13.2
Fighting       | 4 5 7 8 9 10 12 14 16 18 | 18.1
Armour         | 4 5 6 7 10 12 14 15 | 15.6
Shields        | 4 5 6 7 8 9 10 | 10.1
Evocations     | 1 |  1.3
Polearms       | 6 10 13 14 15 16 17 18 | 18.7
Invocations    | 5 6 7 8 |  8.0

Action                   |  1- 3 |  4- 6 |  7- 9 | 10-12 | 13-15 | 16-18 || total
-------------------------+-------+-------+-------+-------+-------+-------++-------
Melee: War axe           |   100 |   212 |   367 |       |       |       ||   679
       Lance             |       |       |   128 |   331 |  1828 |   718 ||  3005
       Hand axe          |       |       |       |       |       |   107 ||   107
Invok: Heroism           |       |       |     3 |    15 |    22 |    11 ||    51
       Finesse           |       |       |       |     3 |     6 |     6 ||    15
Evoke: Wand              |       |       |     5 |       |       |       ||     5
  Use: Scroll            |       |     5 |    16 |     4 |    22 |    12 ||    59
       Potion            |       |     2 |     3 |     2 |     3 |     3 ||    13
Armor: Scale mail        |    37 |    78 |   165 |       |       |       ||   280
       Swamp dragon scal |       |       |    22 |    19 |       |       ||    41
       Plate armour      |       |       |       |    51 |   723 |   311 ||  1085
Dodge: Dodged            |    63 |    81 |   181 |    53 |   380 |   134 ||   892
Block: Buckler           |    24 |    32 |    78 |    30 |   285 |    60 ||   509
       Kite shield       |       |       |       |       |       |   438 ||   438
       Reflection        |       |       |       |       |       |    25 ||    25
